Map: Whirlwind LE (Void)

Players

Musumeci

  • Race: Zerg Zerg
  • League: Diamond
  • Spawn Location: 5:00

chevapGG - Winner!

  • Race: Protoss Protoss
  • League: Diamond
  • Spawn Location: 11:00

VOD

Have the link to the VOD?

Description

Time

  • Played on: Jan. 7, 2017, 3:16 p.m.
  • Length: 20:46
Show
View Real Time Build Order
Export as new Build Order

Musumeci Zerg 

Build Orders: Hatch First 

Get SALT Encoding   

  12  0:00  Drone  
  13  0:12  Overlord  
  13  0:18  Drone  
  14  0:23  Drone, Extractor  
  15  0:30  Drone  
  15  0:34  Drone  
  17  0:55  Hatchery  
  16  1:00  Drone  
  16  1:01  Drone  
  18  1:12  Extractor  
  17  1:20  Spawning Pool  
  17  1:21  Drone  
  17  1:25  Drone  
  18  1:28  Drone  
  19  1:38  Drone  
  20  2:01  Hatchery  
  20  2:04  Hatchery  
  20  2:10  Hatchery  
  20  2:15  Queen  
  20  2:16  Queen  
  20  2:17  Zergling x4  
  26  2:23  Drone  
  26  2:24  Drone  
  28  2:31  Metabolic Boost  
  28  2:35  Zergling x2  
  28  2:50  Drone, Baneling Nest  
  28  2:56  Overlord  
  28  3:15  Zergling x8  
  28  3:16  Zergling x2  
  28  3:17  Drone  
  34  3:23  Drone  
  35  3:27  Drone  
  35  3:29  Overlord  
  36  3:35  Baneling x4  
  36  3:43  Zergling x2  
  36  3:48  Zergling x2  
  36  3:49  Zergling x6  
  36  3:50  Drone  
  41  4:10  Hatchery  
  41  4:14  Zergling x8  
  38  4:41  Spore Crawler  
  28  4:47  Zergling x2  
  28  4:48  Zergling x14  
  26  4:53  Spore Crawler  
  26  5:07  Drone x6  
  32  5:24  Zergling x4  
  32  5:39  Baneling  
  32  5:40  Baneling x6  
  32  5:41  Baneling  
  32  5:43  Baneling  
  32  5:48  Drone  
  27  6:23  Zergling x18  
  34  6:38  Zergling x2  
  34  6:39  Zergling x4  
  35  6:44  Drone  
  35  6:47  Drone  
  32  6:55  Drone x2  
  31  7:02  Baneling x3  
  31  7:03  Drone x2  
  31  7:06  Drone  
  34  7:11  Drone  
  35  7:16  Drone  
  35  7:38  Overlord x2  
  35  7:48  Evolution Chamber  
  34  7:54  Zergling x4  
  36  7:58  Baneling x3  
  36  7:59  Baneling x2  
  35  8:16  Zergling x2  
  35  8:17  Zergling x16  
  35  8:18  Queen  
  46  8:38  Baneling x4  
  46  8:41  Zergling x2  
  46  8:42  Zergling x8  
  46  8:45  Overlord x2  
  51  8:49  Overlord  
  51  9:08  Zergling x6  
  54  9:24  Zergling x12  
  57  9:37  Zergling x4  
  40  9:56  Zergling x8  
  42  10:10  Evolution Chamber x2  
  42  10:11  Zergling x12  
  44  10:15  Baneling x7  
  44  10:32  Lair  
  44  10:33  Drone x4  
  48  10:48  Zergling x8  
  52  10:52  Extractor  
  52  10:55  Baneling  
  52  10:56  Baneling  
  50  11:01  Zergling x4  
  50  11:03  Zergling x4  
  50  11:20  Zergling x10  
  54  11:27  Baneling x5  
  52  11:48  Drone x3  
  52  11:49  Extractor  
  52  11:52  Drone x5  
  59  12:13  Baneling x4  
  59  12:14  Baneling  
  59  12:18  Drone x5  
  59  12:19  Extractor  
  63  12:29  Centrifical Hooks  
  63  12:34  Drone x3  
  64  13:06  Zergling x6  
  61  13:22  Zergling x4  
  61  13:23  Zergling x12  
  65  13:44  Baneling x11  
  65  13:45  Hatchery  
  63  13:59  Drone  
  63  14:00  Drone x4, Spire  
  66  14:14  Zergling x4  
  66  14:16  Overlord x4  
  68  14:18  Zerg Melee Weapons Level 1  
  68  14:20  Zerg Ground Armor Level 1  
  66  14:39  Zergling x2  
  66  14:40  Zergling x14  
  74  14:54  Zergling x10, Extractor  
  74  14:55  Extractor  
  74  14:59  Spore Crawler  
  76  15:03  Spore Crawler  
  73  15:13  Baneling  
  73  15:14  Baneling x10  
  73  15:15  Baneling  
  73  15:18  Baneling  
  73  15:19  Baneling x3  
  71  15:29  Spore Crawler  
  71  15:35  Baneling x3  
  68  15:36  Drone x4  
  65  16:02  Queen x2  
  51  16:07  Mutalisk x3  
  51  16:27  Overseer x2  
  51  16:29  Queen  
  42  16:38  Queen  
  41  16:46  Zergling x4  
  37  17:08  Drone  
  37  17:09  Drone x5  
  43  17:47  Zergling x16  
  43  17:48  Zergling x14  
  56  18:00  Overseer  
  56  18:06  Pneumatized Carapace  
  56  18:36  Zergling x2  
  56  18:37  Zergling x36  
  53  19:22  Zergling x30  
  61  19:25  Baneling  
  61  19:26  Baneling x7  
  27  19:53  Zergling x8  
  29  20:16  Baneling x3  
Show
View Real Time Build Order
Export as new Build Order

chevapGG Protoss - Winner!

Build Orders: Oracle Opening 

Get SALT Encoding   

  12  0:00  Probe (Chrono Boost)  
  13  0:11  Probe (Chrono Boost)  
  14  0:18  Pylon  
  14  0:22  Probe (Chrono Boost)  
  15  0:37  Probe (Chrono Boost)  
  15  0:38  Gateway  
  16  0:47  Probe (Chrono Boost)  
  16  0:48  Assimilator  
  17  0:58  Probe (Chrono Boost)  
  17  1:03  Gateway  
  18  1:08  Probe (Chrono Boost)  
  19  1:12  Assimilator  
  19  1:19  Probe (Chrono Boost)  
  20  1:26  Cybernetics Core  
  20  1:30  Probe (Chrono Boost)  
  21  1:45  Pylon  
  21  1:49  Probe (Chrono Boost)  
  21  1:51  Warp Gate  
  22  2:00  Probe (Chrono Boost)  
  23  2:03  Adept  
  23  2:04  Adept  
  27  2:11  Pylon  
  28  2:15  Probe (Chrono Boost)  
  28  2:28  Probe (Chrono Boost)  
  29  2:31  Stargate  
  29  2:43  Gateway  
  29  2:49  Gateway  
  29  3:04  Pylon  
  29  3:09  Adept  
  29  3:10  Adept  
  33  3:14  Oracle  
  36  3:24  Pylon  
  36  4:01  Adept x4  
  32  4:59  Nexus  
  28  5:01  Adept x2  
  28  5:02  Adept x2  
  28  5:03  Pylon  
  28  5:06  Pylon  
  36  5:19  Mothership Core (Chrono Boost)  
  38  5:24  Gateway  
  38  5:25  Gateway  
  38  5:29  Gateway  
  38  5:31  Sentry  
  38  5:32  Sentry  
  38  5:33  Sentry  
  43  5:40  Stalker  
  45  5:58  Sentry x3  
  45  6:03  Probe (Chrono Boost)  
  40  6:15  Probe (Chrono Boost)  
  33  6:26  Sentry  
  33  6:29  Zealot x3  
  36  7:11  Adept  
  36  7:12  Stalker x4  
  36  7:13  Zealot  
  48  7:33  Zealot, Nexus  
  50  7:45  Pylon  
  50  7:50  Pylon x2  
  50  8:15  Probe (Chrono Boost)  
  50  8:16  Sentry  
  54  8:27  Probe (Chrono Boost)  
  54  8:30  Stalker x3  
  60  8:49  Probe (Chrono Boost)  
  60  8:51  Probe (Chrono Boost)  
  62  9:00  Probe (Chrono Boost)  
  64  9:03  Probe (Chrono Boost)  
  64  9:10  Probe (Chrono Boost)  
  64  9:15  Probe (Chrono Boost)  
  66  9:21  Probe (Chrono Boost)  
  66  9:24  Sentry x2  
  69  9:25  Zealot x3  
  49  9:54  Adept x3  
  49  9:55  Adept x4  
  55  10:10  Void Ray  
  55  10:18  Sentry x3  
  65  10:28  Nexus  
  63  10:30  Pylon  
  63  10:42  Assimilator  
  64  10:44  Probe x2 (Chrono Boost)  
  64  10:46  Assimilator  
  64  10:47  Forge  
  65  10:58  Adept x3  
  71  11:22  Zealot x5  
  71  11:23  Zealot  
  83  11:41  Protoss Ground Weapons Level 1  
  83  11:53  Probe (Chrono Boost)  
  86  11:54  Photon Cannon  
  86  11:55  Photon Cannon, Probe x2 (Chrono Boost)  
  86  11:56  Photon Cannon  
  86  12:10  Probe (Chrono Boost)  
  86  12:12  Probe x2 (Chrono Boost)  
  89  12:17  Adept x2  
  89  12:20  Probe (Chrono Boost)  
  96  12:24  Probe x2 (Chrono Boost)  
  96  12:26  Twilight Council  
  96  12:31  Probe (Chrono Boost)  
  96  12:34  Void Ray  
  96  12:36  Probe x2 (Chrono Boost)  
  103  12:57  Adept x4  
  95  13:24  Adept x3  
  95  13:25  Adept x3  
  95  13:26  Adept  
  99  13:43  Void Ray  
  103  13:49  Zealot x4  
  103  13:50  Zealot x3  
  117  14:06  Pylon  
  117  14:08  Pylon  
  117  14:10  Pylon  
  117  14:12  Dark Shrine  
  117  14:15  Assimilator  
  120  14:25  Probe x3 (Chrono Boost)  
  120  14:38  Probe x2 (Chrono Boost)  
  122  14:45  Assimilator  
  122  15:03  Nexus  
  122  15:04  Gateway  
  122  15:05  Gateway  
  121  15:07  Gateway  
  121  15:08  Sentry  
  123  15:24  Probe x3 (Chrono Boost)  
  126  15:36  Dark Templar x2  
  126  15:37  Dark Templar  
  89  16:40  Dark Templar x6  
  89  16:44  Photon Cannon  
  89  16:46  Photon Cannon, Archon x2  
  89  16:47  Photon Cannon, Archon  
  101  16:51  Pylon  
  99  16:59  Blink  
  95  17:10  Stalker x3  
  95  17:11  Pylon  
  95  17:12  Pylon  
  95  17:15  Protoss Ground Weapons Level 2  
  97  17:16  Pylon  
  97  17:24  Stalker x3  
  97  17:25  Stalker x3  
  109  17:33  Photon Cannon  
  109  17:34  Photon Cannon  
  109  17:35  Photon Cannon  
  108  17:38  Photon Cannon  
  107  17:55  Stalker x4  
  107  17:56  Stalker  
  107  17:57  Stalker x2  
  107  17:58  Stalker x2  
  125  18:11  Pylon  
  125  18:14  Pylon  
  125  18:30  Nexus  
  125  18:31  Dark Templar x2  
  129  18:43  Stalker x2  
  129  18:44  Stalker  
  129  18:46  Archon  
  135  19:06  Stalker x4  
  135  19:07  Stalker  
  145  19:20  Stalker x3  
  149  19:54  Dark Templar x3  
  149  19:55  Dark Templar x5  
  154  20:09  Probe (Chrono Boost)  
  154  20:11  Probe x2 (Chrono Boost)  
  157  20:20  Probe (Chrono Boost)  
  158  20:26  Archon x3  
  158  20:27  Archon  
Tags
 
Add a new tag
Caveats
  • Supply blocks, unpowered buildings, or Contaminate may cause inaccurate times.
  • Supply counts are checked every 10 seconds.